 Dungeon Crawl Stone Soup version 0.29-a0-613-gf2c431b (webtiles) character file.

Game seed: 7656612985340110718

3000 Illumine the Cleaver (level 9, -3/81 HPs)
             Began as a Minotaur Fighter on June 16, 2022.
             Was a Priest of Makhleb.
             Killed from afar by a raiju (26 damage)
             ... with a living lightning
             ... on level 2 of the Abyss.
             The game lasted 00:07:13 (7656 turns).

Illumine the Cleaver (Minotaur Fighter)             Turns: 7656, Time: 00:07:14

Health: -3/81      AC: 18    Str: 25    XL:     9   Next: 54%
Magic:  10/10      EV:  8    Int:  5    God:    Makhleb [***...]
Gold:   376        SH:  4    Dex: 10    Spells: 8/8 levels left

rFire   . . .      SeeInvis .   f - +1 broad axe
rCold   . . .      Faith    +   c - +0 buckler
rNeg    . . .      Spirit   .   d - +4 chain mail
rPois   .          Reflect  .   (helmet restricted)
rElec   .          Harm     .   (no cloak)
rCorr   .          Rampage  .   (no gloves)
Will    .....                   H - +2 pair of boots
Stlth   ..........              w - amulet of faith
HPRegen 0.00/turn               (no ring)
MPRegen 0.12/turn               (no ring)

@: about to teleport, sick
A: horns 2, retaliatory headbutt
a: Renounce Religion, Minor Destruction, Lesser Servant of Makhleb


You were on level 2 of the Abyss.
You worshipped Makhleb.
Makhleb was most pleased with you.
You visited 2 branches of the dungeon, and saw 9 of its levels.
You visited the Abyss 1 time.

You collected 376 gold pieces.

Inventory:

Hand Weapons
 f - a +1 broad axe (weapon)
 n - a +2 flail of protection
Missiles
 r - 14 poisoned darts (quivered)
 x - a throwing net
Armour
 c - a +0 buckler (worn)
 d - a +4 chain mail (worn)
 H - a +2 pair of boots (worn)
Jewellery
 k - a ring of ice
 w - an amulet of faith (around neck)
Wands
 b - a wand of flame (24)
 o - a wand of digging (5)
 A - a wand of charming (11)
Scrolls
 i - 3 scrolls of amnesia
 j - 4 scrolls of blinking
 m - 2 scrolls of fear
 t - a scroll of magic mapping {unknown}
 v - 2 scrolls of fog {unknown}
 y - a scroll of immolation {unknown}
 C - a scroll of teleportation
 D - a scroll of torment {unknown}
 F - a scroll of acquirement {unknown}
 G - a scroll of poison {unknown}
Potions
 a - a potion of flight {unknown}
 e - 2 potions of haste
 g - a potion of magic
 l - 3 potions of curing
 p - 3 potions of mutation
 q - a potion of cancellation
 s - 3 potions of heal wounds
 z - a potion of brilliance {unknown}
 B - a potion of berserk rage {unknown}


   Skills:
 + Level 8.3 Fighting
 * Level 10.8 Axes
 + Level 7.9 Armour
 - Level 4.0 Shields
 + Level 3.2 Invocations
 + Level 3.0 Evocations


You had 8 spell levels left.
You didn't know any spells.
Your spell library contained the following spells:

 Spells                   Type           Power      Damage    Failure   Level
 Gell's Gravitas          Tloc           0%         N/A       100%        3
 Lesser Beckoning         Tloc           0%         N/A       100%        3
 Teleport Other           Tloc           0%         N/A       100%        3


Dungeon Overview and Level Annotations

Branches:
Dungeon (8/15)             Temple (1/1) D:4
   Lair: D:8-11

Altars:
Ashenzari
Elyvilon
Hepliaklqana
Makhleb
Qazlal
Trog
Uskayaw
Vehumet
Yredelemnul
Zin
The Shining One

Shops:
D:5 (

Annotations:
D:8 Psyche


Innate Abilities, Weirdness & Mutations

You have a pair of horns on your head.
You reflexively headbutt those who attack you in melee.


Message History

You closely miss the small abomination.
The small abomination is severely damaged.
The small abomination hits you. The small abomination hits you!
You slash the small abomination!
The small abomination is almost destroyed.
The small abomination hits you but does no damage.
You hit the small abomination but do no damage.
You headbutt the small abomination.
You destroy the small abomination!
That felt strangely unrewarding.
You feel better.
A raiju comes into view.
A lurking horror comes into view.
A glowing orange brain comes into view.
As you read the scroll of teleportation, it crumbles to dust.
You feel strangely unstable.
You feel the power of the Abyss delaying your translocation!
The glowing orange brain turns its attention towards you.
Unknown command.
The raiju bursts into living lightning!
The living lightning hits you!
* * * LOW HITPOINT WARNING * * *
The raiju blinks!
Unknown command.
The raiju attacks as you move away! The raiju bites you but does no damage.
Unknown command.
You feel much better. The raiju bites you! The raiju shocks you!
* * * LOW HITPOINT WARNING * * *
Unknown command.
You slash the raiju!
The raiju is lightly wounded.
The raiju bites you but does no damage.
You slice the raiju!!
The raiju is severely wounded.
The raiju bursts into living lightning!
The living lightning misses you.
The raiju blinks!
You barely miss the raiju.
You headbutt the raiju, but do no damage.
The raiju is severely wounded.
The raiju bursts into living lightning!
The living lightning hits you!!
You die...

#.. . # #.. .. #
. ##+### ##' ##
.....### ## ..
#.........#+
#..*.. #....
......## #......
. ..
###...≈.###.....#
...#
#....@#§....# ..
#+ +#...h*..# ..
# ##.......# .##
#.#.#.##..§ . .
#..#.## ## . ##.
.# ##. .#### # .#
#. #


You could see a raiju and a lurking horror.

Vanquished Creatures
  An unseen horror (D:7)
  An ancient zyme (Abyss:2)
  A harpy zombie (Abyss:2)
  A steam dragon (D:7)
  2 water moccasins
  An orc warrior (D:8)
  Duvessa (D:4)
  An ice beast (D:5)
  A black bear (D:6)
  A hornet zombie (D:7)
  A sky beast (D:5)
  5 ogres
  A kobold brigand (D:7)
  A bullfrog (D:8)
  A small abomination (Abyss:2)
  4 scorpions
  2 wyvern zombies (D:7)
  A necrophage (D:6)
  Dowan (D:4)
  2 howler monkeys (D:7)
  A bullfrog zombie (D:7)
  A quasit (Abyss:2)
  3 jellies
  A gnoll shaman (D:7)
  An orc priest (D:5)
  2 hounds
  2 iguanas
  2 orc wizards
  2 killer bee zombies (D:7)
  A howler monkey zombie (D:7)
  9 adders
  12 gnolls
  A shadow imp (D:7)
  A white imp (D:6)
  An ufetubus (D:7)
  3 worms
  A dart slug (D:2)
  13 orcs
  8 ball pythons
  4 bats
  5 endoplasms
  8 giant cockroaches
  4 hobgoblins
  14 jackals
  6 quokkas
  A frilled lizard (D:2)
  8 goblins
  14 kobolds
  7 rats
166 creatures vanquished.

Vanquished Creatures (others)
  An orc (D:4)
  3 plants (D:1)
4 creatures vanquished.

Grand Total: 170 creatures vanquished

Notes
Turn   | Place    | Note
-------+----------+-------------------------------------------
     0 | D:1      | Illumine the Minotaur Fighter began the quest for the Orb.
     0 | D:1      | Reached XP level 1. HP: 19/19 MP: 0/0
   151 | D:1      | Reached skill level 3 in Axes
   151 | D:1      | Reached XP level 2. HP: 24/27 MP: 1/1
   446 | D:1      | Reached XP level 3. HP: 33/33 MP: 2/2
   812 | D:2      | Reached skill level 4 in Axes
   908 | D:2      | Reached XP level 4. HP: 33/41 MP: 3/3
  1773 | D:2      | Found a radiant altar of Vehumet.
  2268 | D:3      | Found a hazy altar of Hepliaklqana.
  2506 | D:4      | Found a staircase to the Ecumenical Temple.
  2516 | D:4      | Reached XP level 5. HP: 35/47 MP: 4/4
  2517 | D:4      | Reached skill level 5 in Axes
  2548 | Temple   | Entered the Ecumenical Temple
  2843 | Temple   | Became a worshipper of Makhleb the Destroyer
  2882 | D:4      | Noticed Duvessa
  2892 | D:4      | Killed Duvessa
  2893 | D:4      | Reached skill level 5 in Fighting
  2893 | D:4      | Reached XP level 6. HP: 26/56 MP: 5/5
  2893 | D:4      | Noticed Dowan
  2895 | D:4      | Killed Dowan
  2896 | D:4      | Reached skill level 6 in Axes
  3487 | D:4      | Reached * piety under Makhleb
  3523 | D:4      | Reached skill level 5 in Armour
  3610 | D:4      | Found a stormy altar of Qazlal.
  3856 | D:5      | Entered Level 5 of the Dungeon
  3862 | D:5      | Reached XP level 7. HP: 62/62 MP: 6/6
  3903 | D:5      | Reached skill level 7 in Axes
  4261 | D:5      | Reached skill level 8 in Axes
  4307 | D:5      | Identified the +1 trident "Wayled" {vorpal, *Slow rC++
                  | Dex+2}
  4452 | D:5      | Found Zuxker's Weapon Shoppe.
  4588 | D:5      | Reached XP level 8. HP: 58/71 MP: 7/7
  5320 | D:6      | Reached skill level 9 in Axes
  5436 | D:6      | Reached ** piety under Makhleb
  5500 | D:6      | Reached skill level 1 in Invocations
  5674 | D:6      | Reached skill level 1 in Evocations
  5982 | D:7      | Reached XP level 9. HP: 34/80 MP: 9/9
  6218 | D:7      | Reached skill level 10 in Axes
  6537 | D:7      | Killed an unseen horror
  6873 | D:7      | Found a basalt altar of Yredelemnul.
  7022 | D:7      | Found a hide-covered altar of Uskayaw.
  7103 | D:8      | Reached *** piety under Makhleb
  7339 | D:8      | Noticed Psyche
  7348 | D:8      | Cast into level 1 of the Abyss (Psyche)
  7526 | Abyss:2  | Noticed a bone dragon
  7530 | Abyss:2  | Noticed a worldbinder
  7534 | Abyss:2  | Noticed a worldbinder
  7607 | Abyss:2  | Noticed a large abomination
  7628 | Abyss:2  | Noticed an ancient zyme
  7640 | Abyss:2  | Killed an ancient zyme
  7649 | Abyss:2  | Noticed a glowing orange brain
  7656 | Abyss:2  | Killed from afar by a raiju

Illustrated notes

Levels and vault maps discovered:
D:1:      lordsloth_arrival_two_stooges, layout_rooms, serial_glass,
          glass_columns_b, glass_columns_b, serial_bayou_lake_a
D:2:      minmay_recursive_quarters, layout_basic, basic_altar
D:3:      layout_rooms, worldfamousw_hep_ancestral_shrine, minmay_misc_feat_iff,
          grunt_ministairs_5
D:4:      layout_basic, lemuel_tele_altar, temple_pool_b, gup_sewer_entry_pipe,
          roderic_nine_men_s_morris, dreamdust_wishing_well, uniq_duvessa
D:5:      layout_basic, serial_shops, nicolae_shop_stone
D:6:      layout_basic, hangedman_abyss_or_decor_stagger
D:7:      layout_cave_pools, nicolae_yredelemnul_corpse_copse,
          nicolae_uskayaw_dance_hall
D:8:      layout_layer_cave, minmay_overflow_temple_star_hex, uniq_psyche
Temple:   nicolae_temple_figure_eight
Abyss:2:  base: Temple, base: Temple, hangedman_steaming_rock

Skill      XL: |  1  2  3  4  5  6  7  8  9 |
---------------+----------------------------+-----
Axes           | 3 4 5 6 8 9 10 | 10.8
Fighting       | 4 5 6 7 8 |  8.3
Shields        | 4 |  4.0
Armour         | 4 5 6 7 |  7.9
Invocations    | 2 3 |  3.2
Evocations     | 1 3 |  3.0

Action                   |  1- 3 |  4- 6 |  7- 9 || total
-------------------------+-------+-------+-------++-------
Melee: Broad axe         |    80 |   108 |   216 ||   404
       War axe           |     3 |       |       ||     3
       Headbutt          |     9 |    20 |    36 ||    65
       Unarmed           |       |       |     5 ||     5
  Use: Potion            |       |     1 |     2 ||     3
       Scroll            |       |     7 |     7 ||    14
Armor: Scale mail        |    59 |    16 |       ||    75
       Chain mail        |       |    61 |   189 ||   250
Dodge: Dodged            |    52 |    43 |    90 ||   185
Block: Buckler           |    18 |    28 |    62 ||   108

Table legend: (Time is in decaauts)
 A = Elapsed time spent in this place.
 B = Non-inter-level travel time spent in this place.
 C = Inter-level travel time spent in this place.
 D = Time resting spent in this place.
 E = Time spent auto-exploring this place.
 F = Levels seen in this place.
 G = Mean time per level.
                   A        B        C        D        E       F      G
               +--------+--------+--------+--------+--------+-----+--------+
         Total |   7805 |   7561 |    244 |    384 |   5835 |  11 |  709.5 |
       Dungeon |   7190 |   6962 |    228 |    255 |   5523 |   8 |  898.8 |
        Temple |    312 |    296 |     16 |      0 |    288 |   1 |  312.0 |
         Abyss |    302 |    302 |      0 |    129 |     24 |   2 |  151.0 |
               +--------+--------+--------+--------+--------+-----+--------+

Top non-repeatable levels by time:
     D:5: 1321 daAuts
     D:2: 1289 daAuts
     D:4: 1130 daAuts
     D:6: 1002 daAuts
     D:7: 943 daAuts
     D:3: 643 daAuts
     D:1: 594 daAuts
  Temple: 312 daAuts
 Abyss:2: 281 daAuts
     D:8: 265 daAuts
 Abyss:1: 21 daAuts
